 Dungeon Crawl Stone Soup version 0.32-a0-818-gb728d0252e (webtiles) character file.

Game seed: 1458642791613188238

93 Alarak the Poker (level 4, -2/33 HPs)
             Began as a Merfolk Gladiator on Mar 25, 2024.
             Was an Initiate of Beogh.
             Succumbed to a scorpion's poison
             ... on level 3 of the Dungeon.
             The game lasted 00:07:38 (2062 turns).

Alarak the Poker (Merfolk Gladiator)                Turns: 2062, Time: 00:07:38

Health: -2/33      AC:  6    Str: 16    XL:     4   Next: 62%
Magic:  4/4        EV: 10    Int:  7    God:    Beogh [......]
Gold:   135        SH:  0    Dex: 15    Spells: 3/3 levels left

rFire   . . .        a - +0 trident
rCold   . . .        (no shield)
rNeg    . . .        l - +0 scale mail
rPois   .            c - melded +1 helmet
rElec   .            (cloak currently unavailable)
rCorr   .            (gloves currently unavailable)
SInv    .            (boots currently unavailable)
Will    .....        (no amulet) Stlth
                     (no ring)
HPRegen 0.25/turn    (no ring)
MPRegen 0.09/turn

%: no passive effects
@: lethally poisoned (-2 -> -19), beast-form
A: beast (slay +1), (nimble swimmer 2), mertail
a: Begin Untransformation, Renounce Religion


You were on level 3 of the Dungeon.
You worshipped Beogh.
Beogh was noncommittal.
You were a hulking beast.
You visited 1 branch of the dungeon, and saw 4 of its levels.

You collected 135 gold pieces.

Inventory:

Hand Weapons
 a - a +0 trident (weapon)
Missiles
 d - 3 throwing nets (quivered)
 e - a javelin
Armour
 b - a +0 leather armour
 c - a +1 helmet (melded)
 l - a +0 scale mail (worn)
Talismans
 f - a maw talisman
 n - a beast talisman (active)
Scrolls
 m - a scroll of enchant armour
Potions
 g - 3 potions of magic
 h - a potion of brilliance
 i - a potion of attraction
 j - a potion of heal wounds {unknown}
 k - a potion of resistance {unknown}
 q - a potion of mutation {unknown}
 r - 2 potions of might {unknown}


   Skills:
 - Level 2.1 Fighting
 + Level 6.1 Polearms
 - Level 2.0 Throwing
 - Level 4.0 Dodging
 - Level 2.6 Shapeshifting


You had 3 spell levels left.
You didn't know any spells.
Your spell library was empty.

Dungeon Overview and Level Annotations

Branches:
Dungeon (4/15)
 Temple: D:4-7

Altars:

Shops:
D:1 :(=[   D:2 (


Innate Abilities, Weirdness & Mutations

You are a hulking beast.
Your limbs bulge with bestial killing power. (Slay +1)
((You are very nimble when in or above water. (Stealth+, EV+, Speed+++)))
Your lower body shifts to a powerful aquatic tail in water.


Message History

The hobgoblin is heavily wounded.
The hobgoblin barely misses you.
You closely miss the hobgoblin.
The hobgoblin is heavily wounded.
The hobgoblin hits you.
You barely miss the hobgoblin.
The hobgoblin is heavily wounded.
The hobgoblin misses you.
A scorpion comes into view.
You hit the hobgoblin.
You kill the hobgoblin!
Beogh accepts your kill.
You reach to attack!
You puncture the rat!
You kill the rat!
Beogh accepts your kill.
You see here an adder corpse.
A scorpion is nearby!
The scorpion barely misses you. The scorpion attacks as it pursues you!
The scorpion closely misses you. The scorpion attacks as it pursues you!
The scorpion stings you.
Okay, then.
Okay, then.
You hit the scorpion but do no damage. The scorpion stings you.
You are poisoned.
The scorpion poisons you! The scorpion barely misses you.
You puncture the scorpion!
The scorpion is heavily wounded.
You feel very sick. The scorpion stings you.
* * * LOW HITPOINT WARNING * * *
You are more poisoned.
The scorpion poisons you!
You hit the scorpion.
The scorpion is severely wounded.
* * * LOW HITPOINT WARNING * * *
You feel very sick. The scorpion closely misses you.
You hit the scorpion but do no damage.
The scorpion is severely wounded.
You die...

#.........# *####
#.........###..!.
##...>..).........
#.......)..##.....
#..........#*,....
#.###.#....#**....
###.....####.###....
#...s#### #........
#..h.# ##.......
#....########.......
**#............†..###.
*.................# **
#.#...............#
#.#...............#
#,#........†......#
*,#...............#
*,***##........####


You could see a scorpion.

Vanquished Creatures
  A gnoll (D:4)
  2 adders (D:2)
  A dart slug (D:4)
  2 ribbon worms
  2 orcs (D:3)
  4 ball pythons (D:2)
  7 bats
  4 endoplasms
  A giant cockroach (D:1)
  4 goblins
  6 hobgoblins
  6 jackals
  2 kobolds (D:1)
  3 quokkas
  4 frilled lizards
  4 rats
53 creatures vanquished.

Vanquished Creatures (others)
  An adder (D:3)
1 creature vanquished.

Grand Total: 54 creatures vanquished

Notes
Turn   | Place    | Note
-------+----------+-------------------------------------------
     0 | D:1      | Alarak the Merfolk Gladiator began the quest for the Orb.
     0 | D:1      | Reached XP level 1. HP: 16/16 MP: 1/1
   186 | D:1      | Found Yridol's Antique Armour Shop.
   218 | D:1      | Reached XP level 2. HP: 22/22 MP: 2/2
   318 | D:1      | Found Veriorph's Book Boutique.
   318 | D:1      | Noticed a walking earthen tome
   354 | D:1      | Noticed a walking crystal tome
   366 | D:1      | Reached skill level 5 in Polearms
   590 | D:1      | Found a faded altar of an unknown god.
   719 | D:1      | Found Bicethev's Jewellery Shoppe.
   916 | D:1      | Found Yxtad's Weapon Shop.
   919 | D:1      | Reached XP level 3. HP: 27/27 MP: 3/3
  1187 | D:2      | Found Nosyst's Weapon Boutique.
  1261 | D:2      | Reached skill level 1 in Shapeshifting
  1546 | D:2      | Reached XP level 4. HP: 33/33 MP: 4/4
  1953 | D:4      | Reached skill level 6 in Polearms
  2004 | D:3      | Became a worshipper of Beogh the Shepherd
  2038 | D:3      | Noticed a scorpion
  2062 | D:3      | Succumbed to a scorpion's poison

Illustrated notes

Levels and vault maps discovered:
D:1:      mrwooster_arrival_statue_2, layout_basic, serial_shops, shop,
          nicolae_shop_mannequins, shop, shop,
          hellmonk_ecumenical_altar_inner_sanctum, grunt_decor_one_mirror,
          solitary_fountain, wander_ebering_terrifying_dragon_lair
D:2:      layout_rooms, serial_shops, shop
D:3:      layout_basic
D:4:      minmay_diamond_boxcup, layout_basic,
          grunt_temple_overflow_growth_and_decay

Skill      XL: |  1  2  3  4 |
---------------+-------------+-----
Polearms       | 5 6 |  6.1
Shapeshifting  | 2 |  2.6
Fighting       | |  2.1
Throwing       | |  2.0
Dodging        | |  4.0

Action                     |  1- 3 |  4- 6 || total
---------------------------+-------+-------++-------
  Melee: Trident           |   146 |    49 ||   195
 Invoke: Convert to Beogh  |       |     1 ||     1
    Use: Scroll            |     3 |     3 ||     6
   Stab: Sleeping          |     1 |       ||     1
 Armour: Leather armour    |    21 |       ||    21
         Scale mail        |    55 |    32 ||    87
  Dodge: Dodged            |    91 |    26 ||   117
   Form: Beast             |     1 |       ||     1

Table legend: (Time is in decaauts)
 A = Elapsed time spent in this place.
 B = Non-inter-level travel time spent in this place.
 C = Inter-level travel time spent in this place.
 D = Time resting spent in this place.
 E = Time spent auto-exploring this place.
 F = Levels seen in this place.
 G = Mean time per level.
                   A        B        C        D        E       F      G
               +--------+--------+--------+--------+--------+-----+--------+
         Total |   2067 |   1905 |    162 |    201 |   1321 |   4 |  516.8 |
       Dungeon |   2067 |   1905 |    162 |    201 |   1321 |   4 |  516.8 |
               +--------+--------+--------+--------+--------+-----+--------+

Top non-repeatable levels by time:
     D:1: 1192 daAuts
     D:2: 518 daAuts
     D:4: 193 daAuts
     D:3: 163 daAuts
